 Dungeon Crawl Stone Soup version 0.23.1 (webtiles) character file.

Game seed: 9437999440587705677

313 vishdafish the Covered (level 6, -5/39 HPs)
             Began as a Gargoyle Fighter on Mar 2, 2019.
             Slain by Sigmund
             ... wielding a +0 scythe
              (10 damage)
             ... on level 2 of the Dungeon.
             The game lasted 00:02:39 (1907 turns).

vishdafish the Covered (Gargoyle Fighter)           Turns: 1907, Time: 00:02:40

Health: -5/39      AC: 11    Str: 25    XL:     6   Next: 43%
Magic:  6/6        EV:  7    Int: 10    God:
Gold:   118        SH: 10    Dex:  9    Spells: 5/5 levels left

rFire    . . .     SeeInvis .   a - +0 long sword
rCold    . . .     Gourm    .   c - +0 shield
rNeg     + . .     Faith    .   b - +0 scale mail
rPois    ∞         Spirit   .   (no helmet)
rElec    +         Reflect  .   (no cloak)
rCorr    .         Harm     .   (no gloves)
MR       .....                  (no boots)
Stlth    ..........             (no amulet)
HPRegen  0.13/turn              (no ring)
MPRegen  0.10/turn              (no ring)

@: mighty
A: negative energy resistance 1, electricity resistance, unbreathing,
petrification resistance, rot immunity, AC +4
a: no special abilities


You were on level 2 of the Dungeon.
You were hungry.

You visited 1 branch of the dungeon, and saw 3 of its levels.

You collected 118 gold pieces.

Inventory:

Hand Weapons
 a - a +0 long sword (weapon)
Armour
 b - a +0 scale mail (worn)
 c - a +0 shield (worn)
Scrolls
 e - 3 scrolls of amnesia {unknown}
 g - 5 scrolls of identify {unknown}
 k - 2 scrolls of teleportation {unknown}
Potions
 i - a potion of resistance {unknown}
 j - a potion of heal wounds {unknown}
Comestibles
 f - 7 rations


   Skills:
 + Level 4.7 Fighting
 + Level 3.3 Long Blades
 + Level 4.8 Armour
 + Level 4.7 Shields


You had 5 spell levels left.
You didn't know any spells.
Your spell library was empty.

Dungeon Overview and Level Annotations

Branches:
Dungeon (3/15)

Altars:
Nemelex Xobeh
The Shining One

Annotations:
D:2 Sigmund


Innate Abilities, Weirdness & Mutations

You are resistant to torment.
Your stone body is resilient. (AC +4)
You are immune to poison.
You resist negative energy. (rN+)
You are resistant to electric shocks. (rElec)
You can survive without breathing.
You are immune to petrification.
You are immune to rotting.


Message History

You closely miss something. Something hits you.
Your shield prevents you from hitting something.
You hear some strange, mumbled words.
A magic dart appears from out of thin air!
The magic dart hits you but does no damage.
You closely miss something. Something hits you!
* * * LOW HITPOINT WARNING * * *
You feel better.
Okay, then.
You closely miss something. Something hits you!
You feel very mighty all of a sudden. Something hits you but does no damage.
Your shield and scale mail prevent you from hitting something.
You hear some strange, mumbled words.
Something tries to affect you, but you resist.
Your shield and scale mail prevent you from hitting something.
Something hits you!
* * * LOW HITPOINT WARNING * * *
You closely miss something. Something hits you!
You die...

#.....##..#+###.# #.#
#.....###.#.# #.# #.#
#(....# #...# #.# #.#
#.....# #...# #.#
#.######## #.....#
#...###.# #.........
# #.....# #.#...#.#
########## ###
#.....# #.#.#.#.#
..###.....# #.#.#.#.#
#...#.....# #.#.@.#.#
..#.......###.#{###.#
+.............#>..#.#
###############.#.#.#
# #†.<#.#.#.#
###########
###########.###.#.#.#
#..........
..................#.#
#.#########
.........##.###...#.#
#.#
.........#....#...#.#
#.#


There were no monsters in sight!

Vanquished Creatures
  Grinder (D:3)
  Natasha (D:2)
  4 adders
  An ooze (D:1)
  2 worms (D:2)
  A dart slug (D:1)
  4 leopard geckos
  3 bats
  A giant cockroach (D:2)
  2 goblins
  7 hobgoblins
  A jackal (D:1)
  3 kobolds
  A quokka (D:2)
  2 ball pythons
  3 frilled lizards (D:2)
  6 rats
43 creatures vanquished.

Notes
Turn   | Place    | Note
-------+----------+-------------------------------------------
     0 | D:1      | vishdafish the Gargoyle Fighter began the quest for the
                  | Orb.
     0 | D:1      | Reached XP level 1. HP: 14/14 MP: 1/1
   195 | D:1      | Reached XP level 2. HP: 19/19 MP: 2/2
   645 | D:2      | Reached XP level 3. HP: 21/23 MP: 3/3
   661 | D:2      | Found a glowing golden altar of the Shining One.
  1046 | D:2      | Noticed Natasha
  1052 | D:2      | Killed Natasha
  1052 | D:2      | Reached XP level 4. HP: 25/29 MP: 4/4
  1455 | D:3      | Found a sparkling altar of Nemelex Xobeh.
  1535 | D:3      | Noticed Grinder
  1549 | D:3      | Killed Grinder
  1549 | D:3      | Reached XP level 5. HP: 15/34 MP: 5/5
  1549 | D:3      | Reached XP level 6. HP: 18/39 MP: 6/6
  1569 | D:3      | Noticed Sigmund
  1907 | D:2      | Slain by Sigmund

Skill      XL: |  1  2  3  4 |
---------------+-------------+-----
Long Blades    | 2 3 |  3.3
Armour         | 4 |  4.8
Fighting       | 4 |  4.7
Shields        | 4 |  4.7

Action                   |  1- 3 |  4- 6 || total
-------------------------+-------+-------++-------
Melee: Long sword        |   114 |    81 ||   195
  Use: Potion            |       |     3 ||     3
  Eat: Chunk             |       |     3 ||     3
Armor: Scale mail        |    65 |    35 ||   100
Dodge: Dodged            |    36 |    34 ||    70
Block: Shield            |    54 |    36 ||    90
       Rpst.: Long sword |     7 |     8 ||    15
